AoeStats
← El Professor

Glade

510346177Analyzed
1v1 RM · 1d ago on Sep 30, 2026· 43m 15s· 2 players
Game mode
Random Map
Map size
Tiny (2 player)
Population
200
Speed
Normal
Resources
Standard
Victory
Conquest
Starting age
Dark Age
Ending age
Imperial Age
RankedLock teamsTeams togetherTeam positionsShared explorationLock speedFull tech treeHidden civsTurbo modeCheats
Victory
Defeat
🇪🇸 Franks · Spain
945
+15
🇨🇿 Aztecs · Czechia
914
-15
cumpi3
0:28 Loom
14:09 Feudal Age
15:22 Man-at-Arms
21:25 Arson
22:44 Double-Bit Axe
22:41 Horse Collar
22:52 Stone Mining
22:55 Gold Mining
27:41 Castle Age
26:12 Scale Mail Armor
26:35 Forging
27:27 Wheelbarrow
28:25 Gambesons
28:41 Squires
29:19 Iron Casting
28:59 Chain Mail Armor
29:41 Bow Saw
29:32 Heavy Plow
30:16 Gold Shaft Mining
31:23 Hand Cart
El Professor
7:37 Loom
10:39 Feudal Age
11:05 Double-Bit Axe
10:43 Man-at-Arms
11:09 Arson
13:58 Forging
17:45 Wheelbarrow
21:31 Castle Age
19:53 Stone Mining
19:59 Fletching
20:51 Scale Barding Armor
20:45 Gold Mining
22:28 Bow Saw
22:32 Husbandry
23:27 Bodkin Arrow
24:47 Gold Shaft Mining
25:43 Squires
25:56 Town Watch
32:21 Imperial Age
32:17 Iron Casting
32:10 Hand Cart
33:15 Masonry
33:43 Conscription
34:13 Hoardings
33:36 Cavalier
35:28 Chain Barding Armor
35:48 Murder Holes
36:16 Ballistics
37:00 Blast Furnace
38:38 Plate Barding Armor
40:50 Architecture
41:02 Town Patrol
41:23 Heavy Scorpion
Connection lost

Rejoining the realm…

Still unreachable

The connection could not be restored.

Session expired

The server has moved on; the page needs a fresh start.